 Dungeon Crawl Stone Soup version 0.26.1-10-gdfb7c7de75 (webtiles) character file.

Game seed: 10338349336237652910

67 GenialerGandalf the Slasher (level 3, -6/34 HPs)
             Began as a Minotaur Berserker on Apr 5, 2021.
             Was a Believer of Trog.
             Splashed by a jelly's acid (9 damage)
             ... on level 2 of the Dungeon.
             The game lasted 00:06:50 (2003 turns).

GenialerGandalf the Slasher (Minotaur Berserker)    Turns: 2003, Time: 00:06:52

Health: -6/34      AC: -1    Str: 22    XL:     3   Next: 98%
Magic:  2/2        EV: 12    Int:  4    God:    Trog [**....]
Gold:   90         SH:  0    Dex:  9    Spells: 2/2 levels left

rFire    . . .     SeeInvis .   a - +0 falchion
rCold    . . .     Faith    .   (no shield)
rNeg     . . .     Spirit   .   b - +0 animal skin
rPois    .         Reflect  .   (helmet restricted)
rElec    .         Harm     .   (no cloak)
rCorr    .         Rampage  .   (no gloves)
Will     .....                  (no boots)
Stlth    +.........             (no amulet)
HPRegen  0.11/turn              (no ring)
MPRegen  0.08/turn              (no ring)

@: corroded
A: retaliatory headbutt, horns 2
a: Renounce Religion, Berserk, Trog's Hand


You were on level 2 of the Dungeon.
You worshipped Trog.
Trog was pleased with you.
You visited 1 branch of the dungeon, and saw 2 of its levels.

You collected 90 gold pieces.

Inventory:

Hand Weapons
 a - a +0 falchion (weapon)
Missiles
 i - 29 stones
Armour
 b - a +0 animal skin (worn)
Jewellery
 l - a cursed ring of teleportation {unknown}
 m - an uncursed amulet of faith {unknown}
Scrolls
 c - a scroll of fog {unknown}
 d - a scroll of immolation {unknown}
 f - a scroll of magic mapping
 k - a scroll of enchant armour {unknown}
 p - a scroll of identify {unknown}
Potions
 e - 2 potions of mutation {unknown}
 g - a potion of lignification {unknown}
 h - 2 potions of magic {unknown}
 j - a potion of curing {unknown}
 n - 2 potions of attraction {unknown}
 o - a potion of resistance {unknown}
 q - a potion of heal wounds {unknown}


   Skills:
 + Level 4.4 Fighting
 + Level 4.8 Long Blades
 + Level 2.8 Armour
 + Level 2.6 Dodging


You had 2 spell levels left.
You didn't know any spells.
Your spell library was empty.

Dungeon Overview and Level Annotations

Branches:
Dungeon (2/15)

Altars:


Innate Abilities, Weirdness & Mutations

You reflexively headbutt those who attack you in melee.
You have a pair of horns on your head.


Message History

The jelly quivers.
Found 3 scrolls of magic mapping.
A hobgoblin comes into view. It is wielding a +0 club.
You hit the jelly.
Your hands burn!
The jelly is lightly wounded.
The jelly hits you.
You are splashed with acid!
The goblin hits you with a +0 dagger.
You slash the jelly!
Your hands burn!
Your headbutt misses the jelly.
The jelly is heavily wounded.
The jelly hits you. The acid corrodes you!
You are splashed with acid!
* * * LOW HITPOINT WARNING * * *
The goblin barely misses you.
You riposte.
You slash the goblin!
You kill the goblin!
Trog accepts your kill. The hobgoblin hits you with a +0 club.
* * * LOW HITPOINT WARNING * * *
The jelly hits you.
* * * LOW HITPOINT WARNING * * *
You are splashed with acid!
You die...

***********
*,,,,,,,,* #.........
#........# #.......#†
#........* ##..#.....
#....?..,#####.##.###
*#.....#*#...#.##.#*#
#.....###.#.#.##.#,.
#.....#....†..##.#.#
#..J).#.#..##^##.#.*
#..@g......####*,#,*
#.....#......# *,*,,
#.....##.##..#**,***
#.............#*,,,,
##......##.#..#*,,,,
#..(...##.#....,***
####....#####...,,,
*>,##...#*,>*..##*,
*,,,#..,*,,,*..#**,


You could see a jelly and a hobgoblin.

Vanquished Creatures
  2 worms (D:2)
  6 dart slugs
  3 leopard geckos
  7 goblins
  3 hobgoblins (D:1)
  2 jackals (D:1)
  A quokka (D:2)
  6 bats
  5 frilled lizards
  10 kobolds
  6 rats
51 creatures vanquished.

Notes
Turn   | Place    | Note
-------+----------+-------------------------------------------
     0 | D:1      | GenialerGandalf the Minotaur Berserker began the quest for
                  | the Orb.
     0 | D:1      | Reached XP level 1. HP: 19/19 MP: 0/0
   240 | D:1      | Reached XP level 2. HP: 26/27 MP: 1/1
   760 | D:1      | Reached XP level 3. HP: 32/33 MP: 2/2
   807 | D:1      | Reached ** piety under Trog
  2003 | D:2      | Splashed by a jelly's acid

Illustrated notes

Levels and vault maps discovered:
D:1:      shiori_arrival_elements, layout_loops_corners, serial_bayou_pond_c
D:2:      layout_basic, hex_tiny, grunt_ministairs_6, minmay_pentomino_x2

Skill      XL: |  1  2 |
---------------+-------+-----
Long Blades    | 4 |  4.8
Fighting       | 4 |  4.4
Armour         | |  2.8
Dodging        | |  2.6

Action                   || total
-------------------------++-------
Melee: Falchion          ||    90
       Headbutt          ||    12
  Use: Scroll            ||     1
Armor: Animal skin       ||    15
Dodge: Dodged            ||    59
       Rpst.: Falchion   ||    13
